AoeStats
← andrexdh

Four Lakes

508746961Analyzed
1v1 RM · 9d ago on Sep 23, 2026· 57m 48s· 2 players
Game mode
Random Map
Map size
Tiny (2 player)
Population
200
Speed
Normal
Resources
Standard
Victory
Conquest
Starting age
Dark Age
Ending age
Imperial Age
RankedLock teamsTeams togetherTeam positionsShared explorationLock speedFull tech treeHidden civsTurbo modeCheats
Victory
Defeat
🇺🇸 Vikings · United States
684
+16
🇨🇱 Spanish · Chile
687
-16
Ace of Shovels
5:59 Loom
12:22 Feudal Age
17:09 Castle Age
15:36 Double-Bit Axe
15:20 Man-at-Arms
16:15 Fishing Lines
17:04 Scale Mail Armor
17:29 Arson
20:54 Horse Collar
21:32 Squires
22:47 Bow Saw
23:00 Chain Mail Armor
22:55 Forging
22:55 Long Swordsman
24:07 Gillnets
24:22 Gold Mining
25:18 Forging
26:49 Town Watch
27:50 Gold Shaft Mining
27:06 Stone Mining
28:24 Iron Casting
32:03 Elite Skirmisher
37:49 Chieftains
39:15 Padded Archer Armor
39:05 Fletching
41:21 Bodkin Arrow
41:42 Leather Archer Armor
42:37 Fervor
46:20 Imperial Age
47:09 Capped Ram
47:55 Elite Berserk
48:58 Conscription
50:26 Plate Mail Armor
50:57 Blast Furnace
49:58 Bracer
53:20 Ring Archer Armor
andrexdh
10:31 Feudal Age
11:53 Wheelbarrow
11:05 Double-Bit Axe
14:27 Horse Collar
23:51 Castle Age
24:32 Forging
24:22 Scale Mail Armor
24:20 Fletching
24:30 Padded Archer Armor
24:35 Scale Mail Armor
24:17 Elite Skirmisher
25:00 Squires
24:21 Pikeman
27:07 Thumb Ring
31:06 Hand Cart
41:27 Ballistics
42:45 Husbandry
42:57 Bloodlines
43:41 Fortified Wall
47:21 Imperial Age
48:30 Conscription
48:44 Scale Barding Armor
49:14 Iron Casting
50:11 Cavalier
53:10 Elite Conquistador
53:43 Light Cavalry
54:16 Stone Mining
54:16 Gold Mining
54:29 Hussar
56:24 Chemistry
56:26 Blast Furnace
55:46 Chain Barding Armor
Connection lost

Rejoining the realm…

Still unreachable

The connection could not be restored.

Session expired

The server has moved on; the page needs a fresh start.